 Dungeon Crawl Stone Soup version 0.19-a0-1886-gd64a0f0 (webtiles) character file.

1259 vev the Covered (level 8, -5/49 HPs)
             Began as a Tengu Abyssal Knight on Oct 16, 2016.
             Was a Priest of Lugonu.
             Killed by divine providence
             ... invoked by an orc priest
              (8 damage)
             ... on level 5 of the Dungeon.
             The game lasted 00:13:40 (5474 turns).

vev the Covered (Tengu Abyssal Knight)              Turns: 5474, Time: 00:13:41

Health: -5/49      AC:  8    Str: 12    XL:     8   Next: 51%
Magic:  12/12      EV: 13    Int: 13    God:    Lugonu [***...]
Gold:   225        SH:  0    Dex: 16    Spells: 0 memorised, 7 levels left

rFire  . . .     SeeInvis .     t - +1 falchion (slice)
rCold  + . .     Gourm    .     k - +2 ring mail {rC+}
rNeg   . . .     Faith    .     (no shield)
rPois  .         Spirit   .     (helmet restricted)
rElec  .         Dismiss  .     (no cloak)
rCorr  .         Reflect  .     (no gloves)
MR     .....     Harm     .     (boots unavailable)
Stlth  +.........               (no amulet)
                                (no ring)
                                (no ring)

@: no status effects
A: beak, talons 3, able to fly 1
a: Fly, Depart the Abyss, Bend Space, Banish, Renounce Religion


You were on level 5 of the Dungeon.
You worshipped Lugonu.
Lugonu was most pleased with you.
You were not hungry.

You visited 1 branch of the dungeon, and saw 5 of its levels.
You visited the Abyss 1 time.

You collected 225 gold pieces.

Inventory:

Hand Weapons
 g - a +2 dagger of holy wrath
 t - a +1 falchion of slicing (weapon)
Missiles
 d - 8 javelins (quivered)
Armour
 k - a +2 ring mail of cold resistance (worn)
 x - a +0 scale mail of fire resistance
Scrolls
 e - 2 scrolls of remove curse
 f - 2 scrolls of enchant weapon {unknown}
 h - a scroll of fear {unknown}
 i - a scroll of enchant armour {unknown}
 m - 2 scrolls of immolation {unknown}
 n - 2 scrolls of teleportation {unknown}
 r - a scroll of noise {unknown}
 v - a scroll of amnesia {unknown}
 w - 2 scrolls of identify {unknown}
Potions
 a - a potion of agility {unknown}
 o - a potion of mutation {unknown}
 q - a potion of flight {unknown}
 u - a potion of haste {unknown}
Comestibles
 b - 2 chunks of flesh
 c - 5 bread rations
 j - 2 beef jerkies
 l - a slice of pizza
 z - a meat ration


   Skills:
 + Level 5.3 Fighting
 - Level 2.1 Long Blades
 - Level 7.0 Armour
 + Level 5.0 Dodging
 + Level 4.3 Invocations


You had 7 spell levels left.
You didn't know any spells.

Dungeon Overview and Level Annotations

Branches:
Dungeon (5/15)
 Temple: D:4-7

Altars:
Hepliaklqana
Kikubaaqudgha
Makhleb
Vehumet
Yredelemnul

Annotations:
D:3 Raykoid666's ghost, amateur DsSk


Innate Abilities, Weirdness & Mutations

You have a beak for a mouth.
You have claws for feet.
You can fly.


Message History

The orc priest invokes the aid of Beogh against you.
Pain shoots through your body!
The orc priest hits you but does no damage.
You hit the orc priest but do no damage.
You claw the orc priest.
The orc priest is heavily wounded.
The orc priest calls down the wrath of Beogh upon you.
Pain shoots through your body!
You hit the orc priest but do no damage.
You claw the orc priest. Your peck misses the orc priest.
The orc priest is severely wounded.
The orc priest invokes the aid of Beogh against you.
Beogh smites you!
* * * LOW HITPOINT WARNING * * *
Press: ? - help, Shift-Dir - straight line, f - orc priest
Aim: an orc priest, wielding a flail of crushing (severely wounded, chance to defeat MR: 83%)
You fail to use your ability.
The orc priest calls down the wrath of Beogh upon you.
Beogh smites you!
You die...

###.##.....))......#.........#
#.########.......#.........#
###..........................#
....########.....#.#.........#
...((((.).........>####...####
....########.....### #.###
....# ###.....#### #[# ....#
#..........# #.# ....#
#......@...# #.# ....#
#.....o....# #)# .....
#..........# #.# ....
#..........# #.# #..........#
#.# ............# #.#
....######### #.# ... #.# #.#


You could see an orc priest.

Vanquished Creatures
  Edmund (D:5)
  3 phantoms
  2 ogres (D:5)
  A centaur (D:3)
  A bullfrog (D:4)
  A crimson imp (D:5)
  2 hounds
  A bullfrog zombie (D:5)
  2 centaur skeletons (D:4)
  An orc priest (D:3)
  A bullfrog skeleton (D:4)
  An iguana (D:4)
  2 orc wizards
  2 worker ants
  3 gnolls (D:5)
  7 adders
  2 oozes (D:1)
  5 worms
  A leopard gecko (D:3)
  9 orcs
  7 bats
  4 giant cockroaches
  8 goblins
  9 hobgoblins
  12 jackals
  4 quokkas
  2 ball pythons
  A ball python skeleton (D:4)
  2 frilled lizards (D:2)
  5 kobolds
  A quokka zombie (D:5)
  7 rats
110 creatures vanquished.

Notes
Turn   | Place    | Note
-------+----------+-------------------------------------------
     0 | Abyss:1  | vev the Tengu Abyssal Knight began the quest for the Orb.
     0 | Abyss:1  | Reached XP level 1. HP: 14/14 MP: 3/3
    27 | Abyss:1  | Noticed a small abomination
    28 | Abyss:1  | Noticed a vampire
    35 | Abyss:1  | Noticed a glowing orange brain
    37 | D:1      | Escaped the Abyss
    92 | D:1      | Reached XP level 2. HP: 9/19 MP: 4/4
   122 | D:1      | Reached skill level 2 in Dodging
   516 | D:1      | Reached skill level 2 in Invocations
   534 | D:1      | Reached * piety under Lugonu
   537 | D:1      | Reached XP level 3. HP: 16/23 MP: 5/5
  1287 | D:2      | Reached XP level 4. HP: 27/28 MP: 6/6
  1366 | D:2      | Reached skill level 3 in Armour
  1415 | D:2      | Reached ** piety under Lugonu
  1922 | D:3      | Found a burning altar of Makhleb.
  1937 | D:3      | Gained mutation: You can fly. [Tengu growth]
  1937 | D:3      | Reached XP level 5. HP: 12/33 MP: 7/7
  2173 | D:3      | Found an ancient bone altar of Kikubaaqudgha.
  2292 | D:3      | Reached skill level 3 in Dodging
  2320 | D:3      | Noticed a centaur
  2335 | D:3      | Killed a centaur
  2335 | D:3      | Reached skill level 4 in Fighting
  2615 | D:3      | Reached XP level 6. HP: 23/38 MP: 9/9
  2751 | D:3      | Reached skill level 4 in Armour
  3029 | D:3      | Noticed Raykoid666's ghost (amateur DsSk)
  3226 | D:3      | Found a hazy altar of Hepliaklqana.
  3394 | D:4      | Found a basalt altar of Yredelemnul.
  3394 | D:4      | Found a radiant altar of Vehumet.
  3426 | D:3      | Reached skill level 3 in Invocations
  3571 | D:4      | Noticed a phantom
  3605 | D:4      | Killed a phantom
  3796 | D:4      | Reached XP level 7. HP: 33/44 MP: 10/10
  3856 | D:4      | Reached skill level 5 in Armour
  3884 | D:4      | Reached skill level 4 in Dodging
  4142 | D:5      | Entered Level 5 of the Dungeon
  4210 | D:5      | HP: 4/44 [hound (1)]
  4212 | D:5      | HP: 1/44 [hound (3)]
  4213 | D:5      | Reached skill level 6 in Armour
  4573 | D:5      | Reached XP level 8. HP: 48/48 MP: 11/11
  4735 | D:5      | Reached *** piety under Lugonu
  4735 | D:5      | Reached skill level 5 in Fighting
  4735 | D:5      | Reached skill level 4 in Invocations
  5238 | D:5      | Noticed Edmund
  5272 | D:5      | Killed Edmund
  5272 | D:5      | Reached skill level 7 in Armour
  5272 | D:5      | Reached skill level 5 in Dodging
  5473 | D:5      | HP: 3/49 [orc priest/divine providence (15)]
  5474 | D:5      | Killed from afar by an orc priest

Vault maps used:
D:1:      lightli_arrival_flooded_house
D:2:      minmay_tree_intersection
D:3:      kiku_gazebo_garden_becter, old_standard_altar, first_bread,
          bloody_makhleb
D:4:      chequers_temple_overflow_statue_of_worship
D:5:      uniq_edmund, uniq_pikel

Skill      XL: |  1  2  3  4  5  6  7  8 |
---------------+-------------------------+-----
Dodging        | 2 3 4 5 |  5.0
Invocations    | 2 3 4 |  4.3
Armour         | 3 4 6 7 |  7.0
Fighting       | 4 5 |  5.3
Long Blades    | |  2.1

Action                   |  1- 3 |  4- 6 |  7- 9 || total
-------------------------+-------+-------+-------++-------
Melee: Falchion          |    85 |   166 |   153 ||   404
       Kick              |    20 |    58 |    55 ||   133
       Peck              |    11 |    39 |    50 ||   100
Throw: Javelin           |       |     4 |     9 ||    13
Invok: Depart the Abyss  |     1 |       |       ||     1
       Bend Space        |       |     1 |     2 ||     3
 Abil: Fly               |       |     2 |     2 ||     4
  Use: Potion            |       |     1 |       ||     1
       Scroll            |       |       |     1 ||     1
  Eat: Chunk             |     1 |     8 |     7 ||    16
Armor: Leather armour    |     7 |       |       ||     7
       Ring mail         |    32 |    60 |    44 ||   136
Dodge: Dodged            |    70 |   108 |   106 ||   284
       Rpst.: Falchion   |    21 |    25 |    34 ||    80
